 Dungeon Crawl Stone Soup version 0.27.0-1-g7a089689b8 (webtiles) character file.

Game seed: 8886668786130365357

184 ZARRMARR the Insei (level 5, -9/41 HPs)
             Began as a Gnoll Transmuter on Aug 9, 2021.
             Mangled by an orc warrior (18 damage)
             ... on level 4 of the Dungeon.
             The game lasted 00:21:49 (4729 turns).

ZARRMARR the Insei (Gnoll Transmuter)               Turns: 4729, Time: 00:21:50

Health: -9/41      AC:  2    Str:  9    XL:     5   Next: 63%
Magic:  10/12      EV: 13    Int: 13    God:
Gold:   121        SH:  0    Dex: 13    Spells: 11/14 levels left

rFire    . . .     SeeInvis .     - Unarmed
rCold    . . .     Faith    .   (no shield)
rNeg     . . .     Spirit   .   a - +0 robe
rPois    .         Reflect  .   (helmet currently unavailable)
rElec    .         Harm     .   (no cloak)
rCorr    .         Rampage  .   (no gloves)
Will     .....                  (boots currently unavailable)
Stlth    ++........             (no amulet)
HPRegen  0.13/turn              (no ring)
MPRegen  0.13/turn              (no ring)

@: about to teleport, appendages, wereblooded
A: horns 2, talons 2, fangs 1, strong nose, distributed training
a: End Transformation


You were on level 4 of the Dungeon.
You had temporarily grown beastly horns and talons.
You visited 1 branch of the dungeon, and saw 4 of its levels.

You collected 121 gold pieces.

Inventory:

Hand Weapons
 c - a +2 short sword of venom
Missiles
 e - 103 stones (quivered)
Armour
 a - a +0 robe (worn)
Magical Staves
 d - a staff of fire
Wands
 g - a wand of flame (16)
Scrolls
 h - a scroll of amnesia {unknown}
 j - a scroll of magic mapping
Potions
 f - a potion of haste {unknown}


   Skills:
 + Level 3.0 Fighting
 + Level 1.6 Short Blades
 + Level 1.6 Long Blades
 + Level 1.6 Axes
 + Level 1.6 Maces & Flails
 + Level 1.6 Polearms
 + Level 1.6 Staves
 + Level 1.6 Slings
 + Level 1.6 Bows
 + Level 1.6 Crossbows
 + Level 1.6 Throwing
 + Level 1.6 Armour
 + Level 4.8 Dodging
 + Level 1.6 Stealth
 + Level 1.6 Shields
 + Level 6.7 Unarmed Combat
 + Level 5.2 Spellcasting
 + Level 1.2 Conjurations
 + Level 1.2 Hexes
 + Level 1.2 Summonings
 + Level 1.2 Necromancy
 + Level 1.2 Translocations
 + Level 4.0 Transmutations
 + Level 1.2 Fire Magic
 + Level 1.2 Ice Magic
 + Level 1.2 Air Magic
 + Level 1.2 Earth Magic
 + Level 1.2 Poison Magic
 + Level 1.8 Invocations
 + Level 1.6 Evocations


You had 11 spell levels left.
You knew the following spells:

 Your Spells              Type           Power      Damage    Failure   Level
a - Beastly Appendage     Tmut           26%        N/A       3%          1
b - Wereblood             Tmut           13%        N/A       5%          2

Your spell library contained the following spells:

 Spells                   Type           Power      Damage    Failure   Level
 Sublimation of Blood     Necr           3%         N/A       16%         2
 Spider Form              Tmut/Pois      5%         N/A       19%         3
 Ice Form                 Ice/Tmut       10%        N/A       52%         4
 Summon Hydra             Summ           3%         N/A       100%        7


Dungeon Overview and Level Annotations

Branches:
Dungeon (4/15)
 Temple: D:4-7

Altars:
Fedhas


Innate Abilities, Weirdness & Mutations

You have temporarily grown beastly horns and talons.
You have very sharp teeth.
Your uncanny sense of smell can sniff out nearby items.
Your experience applies equally to all skills.


Message History

Unknown command.
Unknown command.
An iguana and an orc warrior come into view.
Casting: Beastly Appendage (safe; 3% risk of failure)
Confirm with . or Enter, or press ? or * to list all spells.
You grow a pair of large bovine horns.
Your feet morph into talons.
An orc comes into view. It is wielding a +2 dagger of venom.
The iguana hisses angrily.
The orc shouts!
An orc comes into view. It is wielding a +0 short sword.
Casting: Beastly Appendage (safe; 3% risk of failure)
Confirm with . or Enter, or press ? or * to list all spells.
Your blood is infused with primal strength.
The orc shouts!
Throw: 105 stones
Press: ? - help, Q - select action, (/) - cycle Shift-Dir - straight line, f - orc warrior
Aim: an orc warrior, wielding a +0 long sword and wearing a +0 plate armour (57% to hit)
You throw a stone.
The stone barely misses the orc warrior.
Throw: 104 stones
Press: ? - help, Q - select action, (/) - cycle Shift-Dir - straight line, f/p - orc warrior
Aim: an orc warrior, wielding a +0 long sword and wearing a +0 plate armour (57% to hit)
You throw a stone.
The stone barely misses the orc warrior.
You punch the orc warrior!
The orc warrior is moderately wounded.
The orc warrior hits you with a +0 long sword!
You hit the orc warrior but do no damage.
You headbutt the orc warrior, but do no damage.
The orc warrior is moderately wounded.
The orc warrior hits you with a +0 long sword!
You hit the orc warrior but do no damage.
You claw the orc warrior, but do no damage.
Your bite misses the orc warrior.
The orc warrior is moderately wounded.
The orc warrior hits you with a +0 long sword!
* * * LOW HITPOINT WARNING * * *
As you read the scroll of teleportation, it crumbles to dust.
You feel strangely unstable.
The orc warrior hits you with a +0 long sword!!
You die...

#########.#
##.........#
........##.# # ∆
........##.#.#
..#.....####.# .
+..........#
#........###
#.....##.#####...
#.....+..@oloo...
#.....##.#######.
#.....##.#
#.....##..∆
#..... ##. ..∆ ..
... ∆


You could see an orc warrior, an iguana and 2 orcs.

Vanquished Creatures
  A hound (D:3)
  Jessica (D:2)
  4 adders
  A worm (D:2)
  4 dart slugs
  5 orcs (D:3)
  3 bats
  8 endoplasms
  2 giant cockroaches (D:1)
  3 goblins
  8 hobgoblins
  7 jackals
  3 quokkas
  5 ball pythons
  4 frilled lizards
  8 kobolds
  5 rats
  A bush (D:1)
73 creatures vanquished.

Vanquished Creatures (others)
  56 plants
56 creatures vanquished.

Grand Total: 129 creatures vanquished

Notes
Turn   | Place    | Note
-------+----------+-------------------------------------------
     0 | D:1      | ZARRMARR the Gnoll Transmuter began the quest for the Orb.
     0 | D:1      | Reached XP level 1. HP: 17/17 MP: 6/6
   270 | D:1      | Found a faded altar of an unknown god.
   325 | D:1      | Reached XP level 2. HP: 19/23 MP: 5/7
   884 | D:1      | Reached XP level 3. HP: 26/28 MP: 7/9
   951 | D:1      | Reached skill level 5 in Spellcasting
  1333 | D:1      | Reached skill level 1 in Invocations
  1588 | D:1      | Learned a level 2 spell: Wereblood
  1802 | D:2      | Reached skill level 1 in Short Blades
  1802 | D:2      | Reached skill level 1 in Long Blades
  1802 | D:2      | Reached skill level 1 in Axes
  1802 | D:2      | Reached skill level 1 in Maces & Flails
  1802 | D:2      | Reached skill level 1 in Polearms
  1802 | D:2      | Reached skill level 1 in Staves
  1802 | D:2      | Reached skill level 1 in Slings
  1802 | D:2      | Reached skill level 1 in Bows
  1802 | D:2      | Reached skill level 1 in Crossbows
  1802 | D:2      | Reached skill level 1 in Throwing
  1802 | D:2      | Reached skill level 1 in Armour
  1802 | D:2      | Reached skill level 1 in Stealth
  1802 | D:2      | Reached skill level 1 in Shields
  1802 | D:2      | Reached skill level 1 in Evocations
  1973 | D:2      | Reached XP level 4. HP: 21/34 MP: 11/11
  2448 | D:2      | Noticed Jessica
  2461 | D:2      | Killed Jessica
  2462 | D:2      | Reached skill level 1 in Conjurations
  2462 | D:2      | Reached skill level 1 in Hexes
  2462 | D:2      | Reached skill level 1 in Summonings
  2462 | D:2      | Reached skill level 1 in Necromancy
  2462 | D:2      | Reached skill level 1 in Translocations
  2462 | D:2      | Reached skill level 1 in Fire Magic
  2462 | D:2      | Reached skill level 1 in Ice Magic
  2462 | D:2      | Reached skill level 1 in Air Magic
  2462 | D:2      | Reached skill level 1 in Earth Magic
  2462 | D:2      | Reached skill level 1 in Poison Magic
  2814 | D:2      | Found a blossoming altar of Fedhas.
  3404 | D:3      | Reached XP level 5. HP: 24/40 MP: 12/12
  4720 | D:4      | Noticed an orc warrior
  4729 | D:4      | Mangled by an orc warrior

Illustrated notes

Levels and vault maps discovered:
D:1:      dpeg_arrival_tiny_a, layout_basic,
          hellmonk_ecumenical_altar_prayer_group, serial_forest,
          infiniplex_forest_end_1, infiniplex_forest_lined_3,
          infiniplex_forest_clump_small, infiniplex_forest_end_1,
          infiniplex_forest_clump_long, infiniplex_forest_end_1
D:2:      layout_loops_corners, basic_altar, uniq_jessica
D:3:      layout_loops_ring, kennysheep_boxes
D:4:      layout_basic, mainiacjoe_overflow_swirl

Skill      XL: |  1  2  3  4  5 |
---------------+----------------+-----
Spellcasting   | 5 |  5.2
Invocations    | 1 |  1.8
Short Blades   | 1 |  1.6
Long Blades    | 1 |  1.6
Axes           | 1 |  1.6
Maces & Flails | 1 |  1.6
Polearms       | 1 |  1.6
Staves         | 1 |  1.6
Slings         | 1 |  1.6
Bows           | 1 |  1.6
Crossbows      | 1 |  1.6
Throwing       | 1 |  1.6
Armour         | 1 |  1.6
Stealth        | 1 |  1.6
Shields        | 1 |  1.6
Evocations     | 1 |  1.6
Conjurations   | 1 |  1.2
Hexes          | 1 |  1.2
Summonings     | 1 |  1.2
Necromancy     | 1 |  1.2
Translocations | 1 |  1.2
Fire Magic     | 1 |  1.2
Ice Magic      | 1 |  1.2
Air Magic      | 1 |  1.2
Earth Magic    | 1 |  1.2
Poison Magic   | 1 |  1.2
Fighting       | 3 |  3.0
Transmutations | 4 |  4.0
Dodging        | |  4.8
Unarmed Combat | |  6.7

Action                   |  1- 3 |  4- 6 || total
-------------------------+-------+-------++-------
Melee: Unarmed           |   201 |    93 ||   294
       Headbutt          |    26 |    10 ||    36
       Bite              |    17 |    11 ||    28
       Kick              |    31 |    15 ||    46
       Punch             |     7 |     2 ||     9
       Short sword       |       |     2 ||     2
Throw: Stone             |    16 |    40 ||    56
 Cast: Beastly Appendage |    28 |    18 ||    46
       Wereblood         |     2 |     6 ||     8
  Use: Scroll            |       |     6 ||     6
       Potion            |       |     1 ||     1
 Stab: Sleeping          |     3 |     3 ||     6
Armor: Robe              |    22 |     9 ||    31
Dodge: Dodged            |    63 |    36 ||    99
